[Event "Early-Titled-Tuesday-Blitz-June-18-2024"]
[Site "Chess.com"]
[Date "2024.06.18"]
[Round "2"]
[White "Goryachkina"]
[Black "FabianoCaruana"]
[Result "0-1"]
[WhiteElo "2677"]
[BlackElo "3123"]
[TimeControl "180+1"]
[EndTime "8:18:30 PDT"]
[Termination "FabianoCaruana won on time"]

1. d4 Nf6 2. c4 e6 3. Nf3 b6 4. g3 Ba6 5. Qc2 Bb4+ 6. Bd2 Bxd2+ 7. Nbxd2 c5 8. Bg2 Bb7 9. O-O O-O 10. Rfd1 cxd4 11.
Nxd4 Bxg2 12. Kxg2 Qc8 13. Rac1 a6 14. Kg1 Qb7 15. N2f3 d6 16. Nb3 Rd8 17. c5 bxc5 18. Nxc5 Qe7 19. Ne4 Nxe4 20. Qxe4 Ra7 21. Rc2 d5 22.
Qd4 Rb7 23. Rdc1 h6 24. b3 Nd7 25. Rc7 Rxc7 26. Rxc7 Qd6 27. Qa7 e5 28. Qb7 d4 29.
Nd2 Qe6 30. Nc4 Nf6 31. Re7 Qf5 32. Rxf7 Kh8 33. Rxg7 e4 34. Qf7 e3 35. f3 d3 36.
exd3 e2 37. Kf2 Re8 38. Ke1 Qxd3 0-1

[Event "Early-Titled-Tuesday-Blitz-June-18-2024"]
[Site "Chess.com"]
[Date "2024.06.18"]
[Round "2"]
[White "milovichalex"]
[Black "Yeritsyaan"]
[Result "0-1"]
[WhiteElo "2413"]
[BlackElo "2672"]
[TimeControl "180+1"]
[EndTime "8:18:30 PDT"]
[Termination "Yeritsyaan won by checkmate"]

1. e4 c5 2. Nf3 e6 3. d4 cxd4 4. Nxd4 a6 5. Nc3 Qc7 6. Bd3 Bb4 7. O-O Nf6 8. Nce2 O-O 9. Ng3 b5 10. Bg5 Be7 11. Nh5 Qe5 12. Nf3 Qc5 13. Nxf6+ gxf6 14. Bh6 Re8 15. Nd4 Kh8 16. Nb3 Qb6 17. Qh5 Rg8 18.
Qxf7 Nc6 19. Rae1 Bb7 20. Re3 Qd8 21. Qh5 Ne5 22. Rg3 Rxg3 23. hxg3 Qe8 24. Qh4 Qg6 25. f4 Nxd3 26. cxd3 Rg8 27. Rf3 Bd8 28. Nc5 Bc6 29. Kh2 f5 30. Qh3 d6 31. exf5 exf5 32. Nb3 Bxf3 33.
gxf3 Re8 34. Nd4 Bb6 35. Nxf5 Re2+ 36. Kh1 Re1+ 37. Kh2 Qe6 38. Qg4 Qe2+ 39. Kh3 Rh1# 0-1

[Event "Early-Titled-Tuesday-Blitz-June-18-2024"]
[Site "Chess.com"]
[Date "2024.06.18"]
[Round "2"]
[White "Mikasinski"]
[Black "Pakarma"]
[Result "1-0"]
[WhiteElo "2712"]
[BlackElo "2437"]
[TimeControl "180+1"]
[EndTime "8:18:31 PDT"]
[Termination "Mikasinski won on time"]

1. e4 c5 2. Nf3 Nc6 3. d4 cxd4 4. Nxd4 e5 5. Nb5 d6 6. a4 Be6 7. N1a3 a6 8. Nc3 Be7 9. Nc4 Rc8 10. Nd5 Bxd5 11.
exd5 Nb8 12. a5 Nd7 13. b3 Ngf6 14. Ba3 Nc5 15. Be2 O-O 16. O-O Nfd7 17. Kh1 f5 18. f4 exf4 19. Rxf4 Ne4 20. Rxe4 fxe4 21. Bg4 Rxc4 22.
bxc4 Ne5 23. Be6+ Kh8 24. Qe2 Bg5 25. c5 Qf6 26. c6 bxc6 27. Bxd6 Nc4 28. Rg1 Nxd6 29. Qxa6 Be3 30. Rb1 Nb5 31. h3 Nc3 32. Ra1 cxd5 33. Bc8 Qxa6 34. Bxa6 d4 35. Bb7 Bd2 36. a6 Nb5 37. Bxe4 Rf7 38. Rb1 1-0

[Event "Early-Titled-Tuesday-Blitz-June-18-2024"]
[Site "Chess.com"]
[Date "2024.06.18"]
[Round "2"]
[White "SargissyanSargis"]
[Black "jk13"]
[Result "0-1"]
[WhiteElo "2414"]
[BlackElo "2687"]
[TimeControl "180+1"]
[EndTime "8:18:31 PDT"]
[Termination "jk13 won on time"]

1. e4 e5 2. Nf3 Nc6 3. Bb5 a6 4.
Ba4 Nf6 5. d3 b5 6. Bb3 Bc5 7.
Nc3 O-O 8. Nd5 Re8 9. c3 Bf8 10. Bg5 Be7 11. Nxe7+ Qxe7 12. O-O d6 13. h3 Nd8 14.
Re1 Ne6 15. Bh4 h6 16. d4 Nf4 17. a4 Bb7 18. axb5 axb5 19. Rxa8 Bxa8 20. Nd2 c5 21. Bc2 Bb7 22. Nf1 Qe6 23. Bg3 Ng6 24. d5 Qe7 25. Ne3 Bc8 26. Bh2 Qa7 27. g4 c4 28. Nf5 Bxf5 29. gxf5 Ne7 30. Bg3 Kh7 31. Bh4 Neg8 32. Kh2 Nd7 33. Rg1 Ngf6 34. Qf3 Rg8 35. Qd1 g5 36. fxg6+ fxg6 37. Qf3 Rf8 38. Qe2 Rf7 39. Rg2 Nf8 40. Bg3 Nh5 41. h4 Nf4 42. Bxf4 Rxf4 0-1

[Event "Early-Titled-Tuesday-Blitz-June-18-2024"]
[Site "Chess.com"]
[Date "2024.06.18"]
[Round "2"]
[White "Chaubunagungamaug1"]
[Black "Navyblue1"]
[Result "1-0"]
[WhiteElo "2472"]
[BlackElo "2164"]
[TimeControl "180+1"]
[EndTime "8:18:31 PDT"]
[Termination "Chaubunagungamaug1 won by resignation"]

1. d4 Nf6 2. c4 g6 3. Nc3 Bg7 4.
e4 d6 5. Be2 O-O 6. Be3 Nbd7 7.
g4 c5 8. d5 Ne8 9. h4 e6 10.
h5 exd5 11. cxd5 a6 12. Qd2 b5 13. Bh6 Qf6 14. Nf3 Ne5 15. Nxe5 Qxe5 16. Bxg7 Qxg7 17. O-O-O Nc7 18. Rdg1 b4 19. Nd1 Nb5 20. f4 Qd4 21.
Ne3 Qxd2+ 22. Kxd2 Nd4 23. b3 Nxe2 24. Kxe2 Bd7 25.
Kf3 Bb5 26. e5 dxe5 27. fxe5 Rad8 28. Rd1 Rfe8 29. Kf4 g5+ 30. Ke4 h6 31. Nf5 Kh7 32.
Rh2 Bd7 33. Rf2 Bxf5+ 34. Rxf5 Re7 35. Rdf1 Kg7 36. Rf6 Red7 37. e6 fxe6 38. Rg6+ Kh7 39. dxe6 Rd4+ 40. Ke5 R8d5+ 41. Kf6 Rd7 42. exd7 1-0

[Event "Early-Titled-Tuesday-Blitz-June-18-2024"]
[Site "Chess.com"]
[Date "2024.06.18"]
[Round "2"]
[White "Forge13"]
[Black "maracayo"]
[Result "1-0"]
[WhiteElo "2695"]
[BlackElo "2416"]
[TimeControl "180+1"]
[EndTime "8:18:32 PDT"]
[Termination "Forge13 won on time"]

1. e4 d6 2. d4 Nf6 3. Nc3 c6 4. g3 Qa5 5. Bg2 e5 6. Ne2 Be7 7. O-O O-O 8. h3 Re8 9. a4 b5 10. Bd2 b4 11. Na2 c5 12. c3 Na6 13. Nac1 Rb8 14.
Qc2 cxd4 15. cxd4 Be6 16. Nb3 Qc7 17. Qxc7 Nxc7 18. d5 Bd7 19. Nec1 Na6 20. Re1 Rec8 21. Bf1 Nc5 22. Nxc5 dxc5 23. b3 Ne8 24. Nd3 f6 25. Nb2 Nd6 26. f3 Rd8 27. Kg2 Bc8 28.
Rec1 Nb7 29. Ba6 Na5 30. Bc4 Bd6 31. Be3 Rb6 32. Rab1 Bd7 33. Nd3 Rc8 34. Rb2 Rbb8 35. Rbc2 Rc7 36. g4 h6 37. h4 Bc8 38. Kf2 Nxc4 39.
Rxc4 Ba6 40. Nb2 Bxc4 41. Nxc4 Rd8 42. Na5 Kf7 43. Nc6 Rxc6 44. dxc6 Rc8 45. Bxc5 Rxc6 46. Be3 Rxc1 47. Bxc1 Bc5+ 48. Ke2 Ke6 49. Kd3 Kd6 50. Kc4 Kc6 51. a5 a6 52. Bd2 Be7 53. Bxb4 1-0

[Event "Early-Titled-Tuesday-Blitz-June-18-2024"]
[Site "Chess.com"]
[Date "2024.06.18"]
[Round "2"]
[White "harkerchess"]
[Black "Dixit_Nikhil"]
[Result "0-1"]
[WhiteElo "2369"]
[BlackElo "2609"]
[TimeControl "180+1"]
[EndTime "8:18:32 PDT"]
[Termination "Dixit_Nikhil won by resignation"]

1. Nf3 Nf6 2. c4 g6 3. g3 Bg7 4. Bg2 O-O 5. O-O d6 6. d4 Nbd7 7. Nc3 e5 8. e4 exd4 9. Nxd4 Re8 10. h3 c6 11. Re1 Qc7 12. b3 a5 13. Bb2 Nc5 14. Qc2 Bd7 15. Rad1 Rad8 16. f4 Nh5 17.
Qf2 Qb6 18. g4 Nxf4 19. Qxf4 Bxd4+ 20. Kh1 Be5 21. Qf3 Ne6 22. Na4 Qc7 23. Bxe5 dxe5 24. Qf6 Bc8 25. Nb2 Rxd1 26. Rxd1 Rd8 27. Rxd8+ Qxd8 28. Qxe5 Qd2 29. Na4 Qc1+ 30. Kh2 Qd2 31. Nb6 Nf4 32. Kg3 Qxg2+ 33. Kxf4 Qh2+ 34. Ke3 Qxe5 35. Nxc8 Qc7 36. Na7 Qb6+ 37. c5 Qxa7 38. Kd4 a4 39. b4 a3 40. Kc4 Qa4 41. e5 Qc2+ 42. Kd4 Qxa2 43. g5 Qd5+ 44. Kc3 Qxe5+ 45. Kb3 Qxg5 46. Kxa3 Qh5 47. Ka4 Qxh3 48. Ka5 Qa3+ 49.
Kb6 Qxb4+ 50. Ka7 Qxc5+ 51. Kb8 Qe7 52. Ka7 b5+ 53. Kb6 b4 0-1

[Event "Early-Titled-Tuesday-Blitz-June-18-2024"]
[Site "Chess.com"]
[Date "2024.06.18"]
[Round "2"]
[White "szachmistrz2500"]
[Black "SujanaLohani"]
[Result "0-1"]
[WhiteElo "2481"]
[BlackElo "2261"]
[TimeControl "180+1"]
[EndTime "8:18:32 PDT"]
[Termination "SujanaLohani won by checkmate"]

1. e4 c5 2. Nf3 e6 3. d4 cxd4 4. Nxd4 Nc6 5. Nb5 d6 6. c4 Nf6 7.
N1c3 a6 8. Na3 Be7 9. Be3 O-O 10. Be2 Bd7 11. O-O Rc8 12. Qd2 Qa5 13. f3 Rfd8 14. Rfd1 Be8 15. Rac1 Ne5 16. Nd5 Qxd2 17. Nxe7+ Kf8 18.
Rxd2 Kxe7 19. Bb6 Rd7 20. Rcd1 Rc6 21. Be3 Rdc7 22. h3 Ned7 23. Bf4 e5 24. Be3 Nc5 25. Nc2 a5 26. Bf2 Rb6 27. Ne3 Bd7 28. Bh4 Be6 29.
b3 h6 30. Nf5+ Bxf5 31. exf5 a4 32. Bf2 axb3 33. axb3 Ne8 34. Bxc5 Rxc5 35. Rd3 Nc7 36. Re3 Kf6 37. g4 d5 38. Kg2 d4 39. Red3 Na6 40. f4 Nb4 41. fxe5+ Rxe5 42. Bf3 Nxd3 43. Rxd3 Re3 44.
Rxd4 Rbxb3 45. Bd5 Rg3+ 46. Kf2 Rxh3 47. Re4 Rh2+ 48.
Kg1 Rd2 49. Re1 Rg3+ 50. Kh1 Rxg4 51. Rb1 Rf4 52. Rxb7 Rf1# 0-1

[Event "Early-Titled-Tuesday-Blitz-June-18-2024"]
[Site "Chess.com"]
[Date "2024.06.18"]
[Round "2"]
[White "Harry_Rakkel"]
[Black "Polish_fighter3000"]
[Result "0-1"]
[WhiteElo "2669"]
[BlackElo "3078"]
[TimeControl "180+1"]
[EndTime "8:18:33 PDT"]
[Termination "Polish_fighter3000 won on time"]

1. e4 c6 2. d4 d5 3. e5 Bf5 4.
Nc3 e6 5. g4 Bg6 6. Nge2 c5 7. h4 h5 8. Nf4 Nc6 9. Nxg6 fxg6 10. Bb5 Qc7 11. Bg5 cxd4 12. Qxd4 Ne7 13. O-O-O a6 14. Bxc6+ Nxc6 15. Qa4 Bb4 16. Nb5 Qb6 17.
Nd4 Kf7 18. Be3 Qa5 19. Qb3 Rac8 20. a3 Be7 21. Qxb7 Nxe5 22. Nb3 Qc7 23. Qxc7 Rxc7 24. gxh5 Rxh5 25. Bf4 Rc4 26. Bg3 Bf6 27. Nd2 Nd3+ 28. Kb1 Nxb2 29. Nxc4 Nxc4 30. Rd3 g5 31. Ka2 gxh4 32.
Bh2 Rf5 33. f3 g5 34. Rb3 Kg6 35. Rd1 d4 36. Rdd3 e5 37. Rb8 Ne3 0-1

[Event "Early-Titled-Tuesday-Blitz-June-18-2024"]
[Site "Chess.com"]
[Date "2024.06.18"]
[Round "2"]
[White "ViIIagra"]
[Black "Moon_stone123"]
[Result "1-0"]
[WhiteElo "2896"]
[BlackElo "2619"]
[TimeControl "180+1"]
[EndTime "8:18:33 PDT"]
[Termination "ViIIagra won on time"]

1. g3 d5 2. Bg2 Nf6 3. d3 g6 4.
Nf3 Bg7 5. O-O O-O 6. c4 dxc4 7.
dxc4 Qxd1 8. Rxd1 c6 9. Nc3 Be6 10. b3 Ne4 11. Nxe4 Bxa1 12. Ba3 Bg7 13. Bxe7 Re8 14.
Nf6+ Bxf6 15. Bxf6 Nd7 16. Bc3 Rad8 17. Rc1 f6 18.
Nd2 Kf7 19. h3 f5 20. Nf3 h6 21. Kf1 g5 22. Ba5 b6 23. Bc3 c5 24. Ne1 Nf8 25.
Nd3 Ng6 26. Bf3 f4 27. g4 Bc8 28. Bd5+ Be6 29. Be4 Bc8 30. f3 Rxe4 31. fxe4 Bb7 32. e5 Be4 33. Rd1 f3 34. Nf2 Rxd1+ 35. Nxd1 Ke6 36.
Nf2 Bb7 37. e4 Nxe5 38. Ke1 Ng6 39. Bg7 Nf4 40. Bxh6 Kf6 41. e5+ Kg6 42. Bf8 Ne6 43. Be7 Nd4 44. Kd2 Bc8 45. Kd3 Bb7 46. Bd6 Kf7 47. b4 Ne6 48. b5 Nd4 49. a4 Kg6 50. a5 bxa5 51. Bxc5 Ne6 52. Bxa7 a4 53. Kc3 a3 54.
Kb3 1-0

[Event "Early-Titled-Tuesday-Blitz-June-18-2024"]
[Site "Chess.com"]
[Date "2024.06.18"]
[Round "2"]
[White "bangchess21"]
[Black "doublesik"]
[Result "1/2-1/2"]
[WhiteElo "2766"]
[BlackElo "2552"]
[TimeControl "180+1"]
[EndTime "8:18:33 PDT"]
[Termination "Game drawn by agreement"]

1. Nf3 d5 2. b3 Nf6 3. Bb2 c5 4. e3 Nc6 5. Bb5 Bd7 6. O-O Qc7 7. d3 e6 8. Bxc6 Bxc6 9. Ne5 Bd6 10. f4 O-O 11.
Nd2 Be8 12. Rf3 Nd7 13. Rh3 f6 14. Nxd7 Qxd7 15. Qg4 Bg6 16. e4 f5 17. Qe2 fxe4 18. dxe4 Rxf4 19. Rf3 Raf8 20. Rxf4 Rxf4 21. Rf1 Rxf1+ 22.
Qxf1 d4 23. g3 Qc6 24. Qe2 b5 25. Qg4 Be7 26. h4 Bf6 27. h5 Bf7 28. h6 Bg6 29. hxg7 Kxg7 30. Bc1 c4 31. bxc4 bxc4 32. e5 Bxe5 33. Nf3 Bf6 34. Qf4 Qe4 35. Qc7+ Bf7 36. Ng5 Bxg5 37. Bxg5 d3 38. cxd3 cxd3 39. Qc3+ e5 40.
Bf4 Qd4+ 41. Qxd4 exd4 42. Kf2 Kg6 43. a3 Kf5 44. Bh6 Ke4 45. Bd2 a6 46. Bf4 Bh5 47.
Bd2 Bg4 48. Bc1 h5 49. Bd2 Be6 50. Bc1 Bd5 51. Bd2 Kf5 52. Bc1 Kg4 53. Bb2 Kf5 54. Bxd4 Ke4 55. Bc3 Be6 1/2-1/2

[Event "Early-Titled-Tuesday-Blitz-June-18-2024"]
[Site "Chess.com"]
[Date "2024.06.18"]
[Round "2"]
[White "Sanyura"]
[Black "Shiner22"]
[Result "1-0"]
[WhiteElo "2508"]
[BlackElo "2275"]
[TimeControl "180+1"]
[EndTime "8:18:33 PDT"]
[Termination "Sanyura won by resignation"]

1. e4 c5 2. Nf3 Nc6 3. d4 cxd4 4. Nxd4 e5 5. Nb5 a6 6. Nd6+ Bxd6 7. Qxd6 Qf6 8. Qd2 Qg6 9. Nc3 Nge7 10. g3 d6 11. Bg2 O-O 12. O-O Nd4 13. Ne2 Nxe2+ 14. Qxe2 Bg4 15.
Qd3 Rac8 16. c3 f5 17. h3 fxe4 18. Bxe4 Bf5 19. Bxf5 Rxf5 20. Be3 d5 21. Rad1 e4 22. Qe2 Rh5 23. Qg4 Qxg4 24. hxg4 Re5 25. Bf4 Re6 26. Bg5 Rd8 27. Rd2 h6 28. Be3 Ng6 29. Rfd1 Red6 30. Bc5 R6d7 31. Bb6 Ne5 32. Bxd8 Nf3+ 33. Kf1 Nxd2+ 34.
Rxd2 Rxd8 35. Ke2 Kf7 36. Ke3 Ke6 37. c4 g5 38. Rd4 b5 39. cxd5+ Rxd5 40. Kxe4 Re5+ 41.
Kd3 Re1 42. Re4+ Rxe4 43. Kxe4 a5 44. f4 b4 45. b3 gxf4 46. gxf4 Kf6 47. Kd5 Kg6 48.
Kc5 1-0

[Event "Early-Titled-Tuesday-Blitz-June-18-2024"]
[Site "Chess.com"]
[Date "2024.06.18"]
[Round "2"]
[White "Nadtkins"]
[Black "Chessmatenokk17"]
[Result "0-1"]
[WhiteElo "2560"]
[BlackElo "2792"]
[TimeControl "180+1"]
[EndTime "8:18:34 PDT"]
[Termination "Chessmatenokk17 won by resignation"]

1. Nf3 Nf6 2. g3 g6 3. Bg2 Bg7 4.
O-O O-O 5. d4 d5 6. Nbd2 Bf5 7.
Re1 Ne4 8. c3 Nd7 9. Nh4 Nxd2 10. Bxd2 Be6 11. e4 c6 12. Nf3 dxe4 13. Rxe4 Bd5 14.
Re1 b5 15. Qc1 a5 16. Bh6 a4 17. Qf4 e6 18. h4 Bxh6 19. Qxh6 Qf6 20. Nd2 Rfe8 21. b3 Bxg2 22. Kxg2 e5 23. Ne4 Qg7 24.
Qxg7+ Kxg7 25. Nd6 Re6 26. dxe5 Rxe5 27. Rxe5 Nxe5 28.
Re1 axb3 29. axb3 Rd8 30. Rxe5 Rxd6 31. Rc5 Kf6 32. g4 Ke7 33. Kg3 Rd3+ 34. f3 Kd6 35. b4 Rd5 36. Rxd5+ Kxd5 37. Kf4 Kc4 38. Kg5 Kxc3 39.
Kh6 Kxb4 40. Kxh7 c5 41. h5 gxh5 42. gxh5 c4 43. Kg8 c3 44. h6 c2 45. h7 c1=Q 46. h8=Q Qc8+ 47. Kg7 Qxh8+ 48. Kxh8 Kc4 49. Kg7 b4 50. f4 f5 51. Kg6 b3 52. Kxf5 b2 53. Kg6 b1=Q+ 54. f5 Kd5 0-1

[Event "Early-Titled-Tuesday-Blitz-June-18-2024"]
[Site "Chess.com"]
[Date "2024.06.18"]
[Round "2"]
[White "Lady_Nika"]
[Black "H3nriqueTV"]
[Result "0-1"]
[WhiteElo "2529"]
[BlackElo "2370"]
[TimeControl "180+1"]
[EndTime "8:18:36 PDT"]
[Termination "H3nriqueTV won by checkmate"]

1. b4 e5 2. a3 Nf6 3. Bb2 d6 4. c4 Bf5 5. Nc3 Be7 6. e3 O-O 7. h3 h6 8. Qf3 Bd7 9. d4 exd4 10. exd4 Re8 11. Bd3 Bf8+ 12. Nge2 c6 13. O-O a5 14.
b5 Be6 15. d5 cxd5 16. cxd5 Bc8 17. Ng3 Nbd7 18. Nce4 Ne5 19. Nxf6+ Qxf6 20. Qxf6 gxf6 21.
Bf5 Bg7 22. Rac1 Bf8 23. Rc7 Bxf5 24. Nxf5 Rab8 25. f4 Nd3 26. Bxf6 Re4 27. Rf3 Nxf4 28. h4 h5 29. Rg3+ Ng6 30. Kh2 Rf4 31. Ne7+ Bxe7 32.
Bxe7 Re8 33. Bxd6 Rxh4+ 34. Kg1 Re1+ 35. Kf2 Rhe4 36. Bc5 R4e2+ 37. Kf3 Re4 38. Rg5 h4 39.
Bd6 R1e2 40. Rxb7 Kg7 41. Rc7 Kf6 42. Rg4 R4e3# 0-1

[Event "Early-Titled-Tuesday-Blitz-June-18-2024"]
[Site "Chess.com"]
[Date "2024.06.18"]
[Round "2"]
[White "colegiodemadrid"]
[Black "Gumugama"]
[Result "0-1"]
[WhiteElo "2483"]
[BlackElo "2267"]
[TimeControl "180+1"]
[EndTime "8:18:36 PDT"]
[Termination "Gumugama won by checkmate"]

1. e4 c5 2. Nf3 d6 3. Bb5+ Nd7 4. O-O a6 5. Be2 Ngf6 6. d3 g6 7. b3 Bg7 8. Bb2 O-O 9. Nbd2 b5 10. a4 Bb7 11. Re1 Qc7 12. Nf1 d5 13. exd5 Nxd5 14. Bxg7 Kxg7 15. Qd2 e5 16. Ne3 Nf4 17. Bd1 Rad8 18.
axb5 axb5 19. Qa5 Qc6 20. Qc3 f6 21. b4 cxb4 22. Qxb4 Qc5 23. Qxc5 Nxc5 24. Rb1 Bc6 25. g3 Nh3+ 26. Kf1 e4 27. dxe4 Nxe4 28. Rb3 Nexf2 29. Be2 Rfe8 30. Rc3 Bxf3 31. Bxf3 Ne4 32. Rc7+ Kg8 33. Ng4 Nd2+ 34. Kg2 Rxe1 35. Nxf6+ Kf8 36. Nxh7+ Kg8 37.
Nf6+ Kf8 38. Nh7+ Kg8 39. Nf6+ Kf8 40. Bd5 Rxd5 41. Nxd5 Ng5 42. h4 Ne6 43. Ra7 Re2+ 44.
Kh3 Ne4 45. h5 gxh5 46. g4 N6g5+ 47. Kh4 Rh2# 0-1

[Event "Early-Titled-Tuesday-Blitz-June-18-2024"]
[Site "Chess.com"]
[Date "2024.06.18"]
[Round "2"]
[White "Herzog2012"]
[Black "ReadySkate"]
[Result "1-0"]
[WhiteElo "2601"]
[BlackElo "2827"]
[TimeControl "180+1"]
[EndTime "8:18:37 PDT"]
[Termination "Herzog2012 won by resignation"]

1. e4 c5 2. Nf3 e6 3. g3 Nc6 4. Bg2 Nf6 5. d3 d5 6. Qe2 Be7 7. O-O O-O 8. e5 Nd7 9. c4 d4 10. h4 Qc7 11. Bf4 b6 12. Nbd2 Bb7 13. h5 a6 14. h6 g6 15. Nh2 Nd8 16. Bxb7 Qxb7 17. Ne4 Nc6 18. Ng4 b5 19. b3 bxc4 20. bxc4 Qc7 21. Rab1 Rfb8 22. Nd6 Rxb1 23. Rxb1 Rb8 24.
Rxb8+ Qxb8 25. Qe4 Qc7 26. Ne8 Qc8 27. Nd6 Qc7 28. Qf3 f5 29. Ne8 Qc8 30. Ngf6+ Kf7 31. Nxd7 Qxd7 32. Nd6+ Bxd6 33. exd6 Kf6 34. g4 e5 35. g5+ Kf7 36. Qd5+ Kf8 37. Bxe5 Nb4 38. Bg7+ Qxg7 39. hxg7+ Kxg7 40. d7 Nxd5 41. cxd5 c4 42. d8=Q 1-0

[Event "Early-Titled-Tuesday-Blitz-June-18-2024"]
[Site "Chess.com"]
[Date "2024.06.18"]
[Round "2"]
[White "Bilan_Danila"]
[Black "Flawless_Fighter"]
[Result "1/2-1/2"]
[WhiteElo "2571"]
[BlackElo "2798"]
[TimeControl "180+1"]
[EndTime "8:18:37 PDT"]
[Termination "Game drawn by repetition"]

1. d4 Nf6 2. Nf3 d5 3. c4 e6 4. Nc3 c5 5. cxd5 Nxd5 6. e4 Nxc3 7. bxc3 cxd4 8. cxd4 Bb4+ 9. Bd2 Bxd2+ 10. Qxd2 O-O 11.
Bc4 Nd7 12. O-O b6 13. Rad1 Bb7 14. Rfe1 Nf6 15. d5 exd5 16. exd5 Qd6 17. Nd4 g6 18.
Nb5 Qc5 19. Qd4 Qxd4 20. Rxd4 Rfd8 21. d6 Rd7 22. Re7 Rxe7 23. dxe7 Re8 24. Rd8 Kg7 25.
Rxe8 Nxe8 26. Nxa7 Kf6 27. Nb5 Kxe7 28. f3 f6 29. Kf2 Nd6 30. Nxd6 Kxd6 31. Ke3 Kc5 32. Bg8 h6 33. h4 g5 34. hxg5 fxg5 35. g3 Bd5 36. Bxd5 Kxd5 37. f4 g4 38. Kd3 h5 39. Ke3 b5 40. a3 Ke6 41. Kd4 Kf5 42. Ke3 Kg6 43. Ke4 Kf6 44. f5 Kf7 45. Kf4 Kf6 46. Ke4 Kg7 47. Kf4 Kf6 48. Ke4 1/2-1/2

[Event "Early-Titled-Tuesday-Blitz-June-18-2024"]
[Site "Chess.com"]
[Date "2024.06.18"]
[Round "2"]
[White "BardArtem"]
[Black "TitarovVasiliYouTube"]
[Result "1-0"]
[WhiteElo "2843"]
[BlackElo "2586"]
[TimeControl "180+1"]
[EndTime "8:18:39 PDT"]
[Termination "BardArtem won on time"]

1. e4 Nf6 2. Nc3 d5 3. e5 Nfd7 4. d4 e6 5. f4 c5 6. dxc5 Bxc5 7. Qg4 g6 8. Bd3 h5 9. Qh3 Nc6 10. a3 Be7 11. Nf3 Nc5 12. O-O Nxd3 13. cxd3 b6 14. Bd2 Ba6 15. Ng5 Nd4 16. Rae1 Rc8 17. Ne2 Nxe2+ 18.
Rxe2 Rc2 19. Rc1 Qc8 20. Rxc2 Qxc2 21. Qf3 Qxd3 22. Qxd3 Bxd3 23. Re1 Bxg5 24. fxg5 Kd7 25. Rc1 a5 26. Kf2 h4 27. Be3 Rb8 28. b4 a4 29. g3 hxg3+ 30. Kxg3 b5 31. Bc5 Rh8 32. h4 Rc8 33. Rh1 Be4 34. Rh2 Rxc5 35. bxc5 Kc6 36. Rf2 Bf5 37. h5 gxh5 38. Rxf5 exf5 39. e6 1-0

[Event "Early-Titled-Tuesday-Blitz-June-18-2024"]
[Site "Chess.com"]
[Date "2024.06.18"]
[Round "2"]
[White "jens1102"]
[Black "HelenaWalker2912"]
[Result "1-0"]
[WhiteElo "2646"]
[BlackElo "2404"]
[TimeControl "180+1"]
[EndTime "8:18:39 PDT"]
[Termination "jens1102 won on time"]

1. e4 c6 2. Nf3 d5 3. exd5 cxd5 4.
Ne5 Nf6 5. Bb5+ Bd7 6. Qe2 a6 7. Nxd7 Nbxd7 8. Ba4 b5 9. Bb3 e6 10. O-O Bd6 11. d4 O-O 12. c3 Re8 13. Nd2 e5 14.
dxe5 Nxe5 15. h3 Qc7 16. Nf3 Nc4 17. Qc2 h6 18. Bxc4 dxc4 19. Be3 Rad8 20. Bd4 Nd5 21.
Rfe1 Nf4 22. Qf5 Nd3 23. Qg4 Bf8 24. Rxe8 Rxe8 25. Nh4 Qc6 26. b3 Qe6 27. Nf5 g6 28. Ne3 Qxg4 29. hxg4 cxb3 30. axb3 Re6 31. b4 Bg7 32. Bxg7 Kxg7 33. Kf1 Nf4 34. g3 Nd3 35. Rd1 Ne5 36. Rd5 Kf6 37. f4 Nc6 38. Kf2 Ke7 39. Rc5 Rd6 40. Kf3 Ke6 41. Ke4 Ne7 42. f5+ gxf5+ 43.
gxf5+ Kf6 44. Ng4+ Kg5 45. Ne5 Nxf5 46. Nxf7+ 1-0

[Event "Early-Titled-Tuesday-Blitz-June-18-2024"]
[Site "Chess.com"]
[Date "2024.06.18"]
[Round "2"]
[White "Sanan_Sjugirov"]
[Black "only_strong_moves"]
[Result "0-1"]
[WhiteElo "2944"]
[BlackElo "2659"]
[TimeControl "180+1"]
[EndTime "8:18:40 PDT"]
[Termination "only_strong_moves won by resignation"]

1. d4 Nf6 2. Bg5 Ne4 3. Bf4 c5 4. f3 Nf6 5. d5 d6 6. e4 g6 7. c4 Bg7 8. Nc3 O-O 9. Qd2 a6 10.
a4 Nbd7 11. Nge2 b6 12. Ng3 Bb7 13. Be2 h5 14. O-O h4 15. Nh1 Nh5 16. Bg5 Bd4+ 17.
Nf2 Ng3 18. Rfe1 b5 19. cxb5 axb5 20. Bxb5 Ne5 21. Bxh4 Nh5 22. Ne2 Bxf2+ 23. Bxf2 e6 24. Ng3 Ng7 25. h3 exd5 26. exd5 f5 27. f4 Nf7 28.
Ne2 Nh5 29. Nc3 Qf6 30. Re6 Qg7 31. Rae1 g5 32. fxg5 Nxg5 33. Kh1 Nxe6 34. Rxe6 f4 35. Ne4 Rf5 36. Rxd6 Ng3+ 37. Nxg3 fxg3 38. Bg1 Rh5 39. Qd3 Kh8 40. Bc6 Bxc6 41. dxc6 Rg8 42. c7 Rxh3+ 43.
gxh3 g2+ 44. Kh2 Qe5+ 0-1

[Event "Early-Titled-Tuesday-Blitz-June-18-2024"]
[Site "Chess.com"]
[Date "2024.06.18"]
[Round "2"]
[White "CrimeFightingSpider07"]
[Black "LevonAronian"]
[Result "1-0"]
[WhiteElo "2530"]
[BlackElo "3015"]
[TimeControl "180+1"]
[EndTime "8:18:40 PDT"]
[Termination "CrimeFightingSpider07 won by resignation"]

1. d4 Nf6 2. Nf3 g6 3. c4 Bg7 4.
g3 O-O 5. Bg2 Nc6 6. O-O Rb8 7.
Nc3 a6 8. a4 d5 9. cxd5 Nxd5 10. e4 Ndb4 11. d5 Na5 12. Be3 b6 13. Bd4 Bh6 14.
Na2 Nxa2 15. Rxa2 e6 16. Ne5 Bg7 17. Nc6 Nxc6 18. Bxg7 Kxg7 19. dxc6 e5 20. b4 Be6 21. Rd2 Qe7 22. Qb1 Rfd8 23. Rfd1 Rxd2 24. Rxd2 Rd8 25. Rxd8 Qxd8 26. Bf1 a5 27. bxa5 bxa5 28. Qb5 Qd4 29. Qxa5 Qxe4 30. Qc3 Qxa4 31. Qxe5+ Kg8 32. Qxc7 Qe4 33.
Qd8+ Kg7 34. Qd1 Qxc6 35. Bg2 Qc5 36. Bf1 h5 37. Qd2 Kh7 38. Qe3 Qc1 39. Qxc1 1-0

[Event "Early-Titled-Tuesday-Blitz-June-18-2024"]
[Site "Chess.com"]
[Date "2024.06.18"]
[Round "2"]
[White "Caroexpert"]
[Black "GMBenjaminBok"]
[Result "0-1"]
[WhiteElo "2651"]
[BlackElo "3003"]
[TimeControl "180+1"]
[EndTime "8:18:41 PDT"]
[Termination "GMBenjaminBok won by checkmate"]

1. d4 Nf6 2. c4 e6 3. Nc3 Bb4 4. e3 O-O 5. Bd3 d5 6. a3 Bxc3+ 7. bxc3 dxc4 8. Bxc4 c5 9. Ne2 Qc7 10. Ba2 b6 11. O-O Ba6 12. Bb2 Nc6 13. Re1 Rfd8 14. Ng3 Na5 15. e4 Bc4 16. Bb1 Nb3 17. e5 Nd5 18.
Qh5 f5 19. exf6 Nxf6 20. Qh4 Nxa1 21. Bxa1 cxd4 22. cxd4 Bd5 23. Bb2 Rac8 24. h3 Rf8 25. Re5 h6 26. Nh5 Nxh5 27. Qxh5 Qf7 28. Qe2 Qf4 29.
Re3 Rc7 30. Rg3 Rfc8 31. Qd3 Rc1+ 32. Bxc1 Rxc1+ 33. Kh2 Kf8 34. Qh7 Qf6 35. Bg6 Ke7 36.
Bh5 Kd6 37. Rxg7 Qf4+ 38. Rg3 Qxf2 39. Qxh6 Qg1# 0-1

[Event "Early-Titled-Tuesday-Blitz-June-18-2024"]
[Site "Chess.com"]
[Date "2024.06.18"]
[Round "2"]
[White "CSB7"]
[Black "DmitriiZakurdaev"]
[Result "1-0"]
[WhiteElo "2740"]
[BlackElo "2371"]
[TimeControl "180+1"]
[EndTime "8:18:41 PDT"]
[Termination "CSB7 won on time"]

1. d4 d5 2. c4 e6 3. Nc3 Nf6 4. Bg5 Be7 5. e3 h6 6. Bxf6 Bxf6 7. Rc1 O-O 8. Nf3 c6 9. Bd3 dxc4 10. Bxc4 Nd7 11. O-O e5 12. Ne4 exd4 13. Nxf6+ Qxf6 14. Qxd4 Qxd4 15. Nxd4 Nb6 16. Bb3 Bg4 17. f3 Bd7 18. e4 Rac8 19. Rc5 Rfd8 20. Kf2 Be8 21. Ke3 Nd7 22.
Rc3 Ne5 23. h3 Kf8 24. f4 Ng6 25. g3 c5 26. Nf3 b6 27. g4 Bc6 28. f5 Ne7 29. h4 Re8 30. Kf4 Ng8 31. e5 Ne7 32. g5 Nd5+ 33. Bxd5 Bxd5 34. f6 Bxf3 35. Rfxf3 Rcd8 36. Rfd3 hxg5+ 37. hxg5 Kg8 38. Kf5 g6+ 39. Ke4 Rc8 40. Rc2 Rc6 41. Kf4 Rce6 42. Re2 c4 43. Rh3 1-0

[Event "Early-Titled-Tuesday-Blitz-June-18-2024"]
[Site "Chess.com"]
[Date "2024.06.18"]
[Round "2"]
[White "jeetjain"]
[Black "Roland_Garros_2024"]
[Result "1-0"]
[WhiteElo "2591"]
[BlackElo "2238"]
[TimeControl "180+1"]
[EndTime "8:18:41 PDT"]
[Termination "jeetjain won on time"]

1. c4 e5 2. Nc3 Nf6 3. g3 Bb4 4. Bg2 O-O 5. e3 Bxc3 6. bxc3 d6 7. Ne2 Nc6 8. d3 Re8 9. O-O Be6 10. Rb1 Rb8 11.
Rxb7 Rxb7 12. Bxc6 Bh3 13. Bxb7 Bxf1 14. Kxf1 d5 15.
cxd5 Qd7 16. Kg2 Nxd5 17. c4 Nb4 18. d4 c6 19. a3 Na2 20. Ba6 exd4 21. exd4 Nxc1 22.
Nxc1 Qc7 23. Qa4 h5 24. h4 Re1 25. Nd3 Re8 26. Ne5 f6 27. Nxc6 Qd7 28. d5 Re2 29.
Qd1 Qg4 30. Qd3 Rxf2+ 31. Kxf2 Qh3 32. Ne7+ Kh8 33. c5 Qh2+ 34. Kf3 Qh1+ 35. Ke3 Qg1+ 36. Ke4 Qh1+ 37. Kd4 Qg1+ 38. Kc4 Qc1+ 39. Qc3 Qf1+ 40. Qd3 Qc1+ 41. Kb5 Qb2+ 42. Kc6 Qb8 43. d6 Qe8+ 44. d7 1-0